 Dungeon Crawl Stone Soup version 0.24.0-41-g2ae2f7f1be (webtiles) character file.

Game seed: 14086600470186196381, levelgen mode: deterministic

903 Kobolds4U the Destroyer (level 7, -2/36 HPs)
             Began as a Deep Elf Conjurer on Dec 14, 2019.
             Was a Follower of Ashenzari.
             Slain by a killer bee (8 damage)
             ... on level 6 of the Dungeon.
             The game lasted 00:17:22 (5904 turns).

Kobolds4U the Destroyer (Deep Elf Conjurer)         Turns: 5904, Time: 00:17:22

Health: -2/36      AC:  0    Str:  9    XL:     7   Next: 80%
Magic:  2/13       EV: 27    Int: 21    God:    Ashenzari [*.....]
Gold:   310        SH:  5    Dex: 15    Spells: 2/12 levels left

rFire    . . .     SeeInvis .   r - +0 dagger
rCold    . . .     Gourm    .   t - +2 buckler
rNeg     . . .     Faith    .   a - +0 robe
rPois    .         Spirit   .   d - +0 helmet
rElec    .         Reflect  .   (no cloak)
rCorr    .         Harm     .   (no gloves)
MR       .....                  (no boots)
Stlth    ++........             f - amulet of the acrobat (curse)
HPRegen  0.12/turn              i - +3 ring of strength
MPRegen  0.13/turn              j - -3 ring of protection (curse)

@: lethally poisoned (-2 -> -4), acrobat
A: no striking features
a: Curse Item, Scrying, Renounce Religion


You were on level 6 of the Dungeon.
You worshipped Ashenzari.
Ashenzari was aware of your devotion.
You were not hungry.

You visited 1 branch of the dungeon, and saw 6 of its levels.

You collected 310 gold pieces.

Inventory:

Hand Weapons
 r - a +0 dagger (weapon)
Armour
 a - a +0 robe (worn)
 d - a +0 helmet (worn)
 t - a +2 buckler (worn)
Jewellery
 f - a cursed amulet of the acrobat (around neck)
 i - a +3 ring of strength (left hand)
 j - a cursed -3 ring of protection (right hand)
 v - an uncursed amulet of regeneration
Wands
 w - a wand of clouds (3)
Scrolls
 e - a scroll of amnesia {unknown}
 g - a scroll of random uselessness {unknown}
 h - 3 scrolls of identify {unknown}
 k - a scroll of noise {unknown}
 m - 2 scrolls of teleportation {unknown}
 n - 2 scrolls of magic mapping {unknown}
 o - a scroll of enchant armour {unknown}
 p - 2 scrolls of remove curse
 q - a scroll of immolation {unknown}
 u - a scroll of fog {unknown}
Potions
 b - 2 potions of flight {unknown}
 l - a potion of brilliance {unknown}
 s - 2 potions of might {unknown}
 x - a potion of curing {unknown}
 z - a potion of heal wounds {unknown}
Comestibles
 c - 10 rations
 A - 3 chunks of flesh


   Skills:
 - Level 2.4 Dodging
 - Level 2.4 Stealth
 - Level 3.0 Spellcasting
 + Level 9.6 Conjurations
 + Level 5.4 Hexes


You had 2 spell levels left.
You knew the following spells:

 Your Spells              Type           Power        Failure   Level  Hunger
a - Magic Dart            Conj           ####         1%          1    None
b - Searing Ray           Conj           #####.       1%          2    ##.....
c - Dazzling Spray        Conj/Hex       ####..       3%          3    ###....
d - Fulminant Prism       Conj/Hex       ####......   10%         4    ####...

Your spell library contained the following spells:

 Spells                   Type           Power        Failure   Level  Hunger
 Sting                    Conj/Pois      ###.         3%          1    None
 Summon Small Mammal      Summ           #...         22%         1    None
 Call Imp                 Summ           #.......     32%         2    ##.....
 Poisonous Vapours        Pois/Air       #.....       32%         2    ##.....
 Iskenderun's Mystic Bla  Conj           #####...     4%          4    ####...
 Mephitic Cloud           Conj/Pois/Air  ###.....     19%         3    ###....
 Summon Guardian Golem    Hex/Summ       ##......     22%         3    ###....
 Force Lance              Conj/Tloc      ###.....     30%         4    ####...
 Call Canine Familiar     Summ           #.......     54%         3    ###....
 Venom Bolt               Conj/Pois      ###.......   65%         5    ######.
 Olgreb's Toxic Radiance  Pois           #.......     91%         4    ####...
 Summon Ice Beast         Ice/Summ       #.......     91%         4    ####...
 Summon Lightning Spire   Summ/Air       #.......     91%         4    ####...


Dungeon Overview and Level Annotations

Branches:
Dungeon (6/15)             Temple (0/1) D:5

Altars:
Ashenzari
Cheibriados
Elyvilon
Gozag
Nemelex Xobeh
Ru
Sif Muna
Wu Jian

Annotations:
D:5 2 runed translucent doors, FishyPogo's ghost, novice MiBe


Message History

The magic dart hits the killer bee!
The killer bee is moderately wounded.
You feel sick. The killer bee closely misses you. The killer bee stings you.
The killer bee misses you.
You feel sick. You block the killer bee's attack. The killer bee stings you.
You feel sick. You block the killer bee's attack.
The killer bee completely misses you.
You feel sick. The killer bee stings you.
* * * LOW HITPOINT WARNING * * *
The killer bee completely misses you. The killer bee completely misses you.
You feel sick. You block the killer bee's attack. The killer bee stings you.
* * * LOW HITPOINT WARNING * * *
The killer bee barely misses you.
You feel sick. You block the killer bee's attack.
You block the killer bee's attack. The killer bee barely misses you.
The killer bee stings you!
You die...

.. .... .....
.....#####################
.........^.......##.......
........########..#......#
......#..########......>..
.......).@.......##....###
....#..y#######..#.##.###
# #.#.#####......##....
#.#<......##.####..##
#.#######..........## #..
##.#####......
###.####..#..........
...........###....#.
........#### #......


You could see a killer bee.

Vanquished Creatures
  A water moccasin (D:6)
  A phantom (D:4)
  2 ogres
  A centaur (D:5)
  Blork the orc (D:5)
  A scorpion (D:4)
  A killer bee (D:6)
  A howler monkey (D:4)
  A hound (D:5)
  2 iguanas (D:4)
  A hound skeleton (D:6)
  3 gnolls (D:2)
  6 adders
  2 worms (D:2)
  2 dart slugs
  A leopard gecko (D:1)
  4 orcs
  6 giant cockroaches
  12 goblins
  6 hobgoblins
  15 jackals
  2 quokkas
  8 bats
  5 frilled lizards
  A jackal zombie (D:3)
  11 kobolds
  7 rats
104 creatures vanquished.

Notes
Turn   | Place    | Note
-------+----------+-------------------------------------------
     0 | D:1      | Kobolds4U the Deep Elf Conjurer began the quest for the
                  | Orb.
     0 | D:1      | Reached XP level 1. HP: 10/10 MP: 6/6
   390 | D:1      | Reached XP level 2. HP: 15/15 MP: 5/8
   394 | D:1      | Learned a level 2 spell: Searing Ray
   512 | D:1      | Reached skill level 5 in Conjurations
  1369 | D:2      | Reached XP level 3. HP: 12/19 MP: 4/9
  1900 | D:2      | Reached skill level 6 in Conjurations
  2004 | D:2      | Reached XP level 4. HP: 24/24 MP: 4/10
  2110 | D:2      | Found a shattered altar of Ashenzari.
  2214 | D:2      | Learned a level 3 spell: Dazzling Spray
  2253 | D:2      | Found a white marble altar of Elyvilon.
  2405 | D:2      | Found a shimmering blue altar of Sif Muna.
  2557 | D:2      | Became a worshipper of Ashenzari the Shackled
  2621 | D:3      | Found a sparkling altar of Nemelex Xobeh.
  2633 | D:3      | Noticed an ogre
  2638 | D:3      | Killed an ogre
  2638 | D:3      | Reached skill level 7 in Conjurations
  2638 | D:3      | Reached XP level 5. HP: 28/28 MP: 7/11
  3153 | D:3      | Found a snail-covered altar of Cheibriados.
  3452 | D:4      | Learned a level 4 spell: Fulminant Prism
  3477 | D:4      | Reached skill level 1 in Hexes
  3556 | D:4      | Noticed a phantom
  3563 | D:4      | Killed a phantom
  3563 | D:4      | Reached skill level 8 in Conjurations
  3563 | D:4      | Reached XP level 6. HP: 29/32 MP: 1/12
  3749 | D:4      | Found a sacrificial altar of Ru.
  3813 | D:4      | Reached * piety under Ashenzari
  4306 | D:4      | Reached XP level 7. HP: 36/36 MP: 4/13
  4470 | D:5      | Entered Level 5 of the Dungeon
  4652 | D:5      | Reached skill level 9 in Conjurations
  4850 | D:5      | Found an opulent altar of Gozag.
  5020 | D:5      | Noticed Blork the orc
  5028 | D:5      | Found a runed translucent door.
  5042 | D:5      | Found a staircase to the Ecumenical Temple.
  5043 | D:5      | Found a runed translucent door.
  5047 | D:5      | Noticed FishyPogo's ghost (novice MiBe)
  5207 | D:5      | Killed Blork the orc
  5578 | D:6      | Reached skill level 5 in Hexes
  5832 | D:6      | Found an ornate altar of the Wu Jian Council.
  5904 | D:6      | Slain by a killer bee

Levels and vault maps discovered:
D:1:      dpeg_arrival_water_temple_mockup, layout_loops_corners
D:2:      layout_basic, elyvilon_altar_5, ashenzari_conservatory_becter,
          led_sif_pool
D:3:      layout_loops_cross, nemelex_xobeh_ov_fountains_minmay,
          lemuel_coloured_pillars_altar, first_ration, kennysheep_generic_room_3
D:4:      layout_cave_pools, hangedman_ru_absence, minmay_bisected
D:5:      layout_loops_ring, grunt_gozag_breadcrumbs, minmay_temple_entry_waves,
          ebering_ghost_sewer_f, kennysheep_generic_room_2, uniq_blork_the_orc
D:6:      layout_rooms, overflow_temple_1_default, basic_altar,
          kennysheep_windowed_goal

Skill      XL: |  1  2  3  4  5  6  7 |
---------------+----------------------+-----
Conjurations   | 5 6 7 8 9 |  9.6
Hexes          | 2 4 5 |  5.4
Dodging        | |  2.4
Stealth        | |  2.4
Spellcasting   | |  3.0

Action                   |  1- 3 |  4- 6 |  7- 9 || total
-------------------------+-------+-------+-------++-------
Melee: Unarmed           |     1 |       |       ||     1
       Dagger            |       |    22 |     7 ||    29
 Cast: Magic Dart        |    74 |    75 |    21 ||   170
       Searing Ray       |     2 |     4 |     6 ||    12
       Dazzling Spray    |       |     2 |     6 ||     8
Invok: Curse Item        |       |     1 |       ||     1
 Stab: Sleeping          |     1 |     8 |     3 ||    12
       Invisible         |       |     1 |       ||     1
  Eat: Chunk             |     3 |     7 |     6 ||    16
Armor: Robe              |     1 |       |       ||     1
Dodge: Dodged            |    15 |    16 |    31 ||    62
Block: Buckler           |       |     3 |    12 ||    15
